 Dungeon Crawl Stone Soup version 0.31.0-32-g396128a36d (webtiles) character file.

Game seed: 13110581202386748126

99 MJtheKandyman the Chopper (level 4, -4/40 HPs)
             Began as a Hill Orc Fighter on Mar 18, 2024.
             Slain by a gnoll
             ... wielding a +0 halberd
              (7 damage)
             ... on level 3 of the Dungeon.
             The game lasted 00:11:35 (2174 turns).

MJtheKandyman the Chopper (Hill Orc Fighter)        Turns: 2174, Time: 00:11:36

Health: -4/40      AC:  8    Str: 20    XL:     4   Next: 72%
Magic:  4/4        EV:  9    Int:  8    God:
Gold:   87         SH:  4    Dex: 10    Spells: 3/3 levels left

rFire   . . .        a - +0 war axe
rCold   . . .        c - +0 buckler
rNeg    . . .        b - +0 scale mail
rPois   .            (no helmet)
rElec   .            (no cloak)
rCorr   .            j - +0 pair of gloves
SInv    .            (no boots)
Will    .....        (no amulet) Stlth
                     (no ring)
HPRegen 0.26/turn    (no ring)
MPRegen 0.09/turn

%: no passive effects
@: no status effects
A: no striking features
a: no special abilities


You were on level 3 of the Dungeon.
You visited 1 branch of the dungeon, and saw 4 of its levels.

You collected 87 gold pieces.

Inventory:

Hand Weapons
 a - a +0 war axe (weapon)
 x - a +0 vampiric dagger
Missiles
 h - 19 stones (quivered)
Armour
 b - a +0 scale mail (worn)
 c - a +0 buckler (worn)
 j - a +0 pair of gloves (worn)
Jewellery
 e - a ring of flight
 k - an amulet of guardian spirit
Talismans
 l - a flux talisman
 y - a storm talisman
Scrolls
 g - a scroll of acquirement {unknown}
 i - a scroll of fear {unknown}
 m - 3 scrolls of vulnerability {unknown}
 n - a scroll of poison {unknown}
 o - 3 scrolls of identify {unknown}
 r - a scroll of immolation {unknown}
 s - a scroll of amnesia {unknown}
 v - a scroll of fog {unknown}
Potions
 d - a potion of might
 f - 2 potions of haste {unknown}
 p - a potion of mutation {unknown}
 q - a potion of berserk rage {unknown}
 t - 2 potions of ambrosia {unknown}
 u - a potion of degeneration {unknown}
 w - a potion of heal wounds {unknown}


   Skills:
 - Level 3.8 Fighting
 * Level 5.9 Axes
 - Level 3.4 Armour
 - Level 3.4 Shields


You had 3 spell levels left.
You didn't know any spells.
Your spell library was empty.

Dungeon Overview and Level Annotations

Branches:
Dungeon (4/15)
 Temple: D:4-7

Altars:


Message History

Things that are here:
a +0 club; an orc corpse You see here a scroll labelled HAOBUC KIQIXOM.
o - 3 scrolls labelled HAOBUC KIQIXOM (gained 1) 2 gnolls come into view.
The gnoll shouts! x2; You hear a shout!
A gnoll comes into view. It is wielding a +0 halberd.
The gnoll shouts!
You block the gnoll's attack.
You slash the gnoll!
The gnoll is heavily wounded.
The gnoll hits you with a +0 whip.
You hit the gnoll.
The gnoll is severely wounded.
The gnoll barely misses you.
A gnoll comes into view.
It is wielding a +1 halberd of freezing.
The gnoll barely misses you.
You closely miss the gnoll.
The gnoll is severely wounded.
The gnoll shouts!
The gnoll hits you but does no damage. You block the gnoll's attack.
You slash the gnoll!
You kill the gnoll!
You don't know any spells.
The gnoll completely misses you.
The gnoll hits you from afar with a +0 halberd!
Things that are here:
a +0 whip; a gnoll corpse You hit the gnoll.
The gnoll is lightly wounded.
The gnoll hits you from afar with a +0 halberd. x2
The gnoll completely misses you. The gnoll barely misses you. x2
You hit the gnoll.
The gnoll is heavily wounded.
The gnoll hits you with a +1 halberd of freezing!
* * * LOW HITPOINT WARNING * * *
The gnoll freezes you.
* * * LOW HITPOINT WARNING * * *
The gnoll hits you from afar with a +0 halberd!
You die... #.......# #####.# ##.###### #### #.# #..## ...# #.# #.#.# ...# ##)## #####.### ...# #>..# #.......# ...# #.#.# #..##.#.# gg.

#...#
#..##.#>######.#########.###
#..#..#.##...@g#......##.#
#..#........####.####.##.#
#..#..#.##..####.####.##.#
#..>................#.##.#
####........#..####..#.#.##.####
.#..........#.....#............##
.#.#...........##.##.#......##...
.#.#.......###.##.##.####..#.#.##
...........# #.......# ##.###....


You could see 3 gnolls.

Vanquished Creatures
  A hound (D:3)
  2 adders (D:2)
  A gnoll (D:3)
  A dart slug (D:3)
  2 orcs (D:3)
  6 bats
  3 endoplasms
  3 giant cockroaches
  5 hobgoblins
  A quokka (D:2)
  3 ball pythons
  4 frilled lizards
  2 goblins (D:2)
  4 rats
38 creatures vanquished.

Notes
Turn   | Place    | Note
-------+----------+-------------------------------------------
     0 | D:1      | MJtheKandyman the Hill Orc Fighter began the quest for the
                  | Orb.
     0 | D:1      | Reached XP level 1. HP: 19/19 MP: 1/1
    43 | D:1      | Found a faded altar of an unknown god.
   204 | D:1      | Reached skill level 3 in Axes
   204 | D:1      | Reached XP level 2. HP: 27/27 MP: 2/2
  1085 | D:2      | Reached skill level 4 in Axes
  1085 | D:2      | Reached XP level 3. HP: 32/33 MP: 3/3
  1718 | D:3      | Reached skill level 5 in Axes
  1718 | D:3      | Reached XP level 4. HP: 40/40 MP: 4/4
  2174 | D:3      | Slain by a gnoll

Illustrated notes

Levels and vault maps discovered:
D:1:      erik_arrival_blinker_ship, layout_loops_ring,
          shapermc_ecumenical_altar_acropolis, nicolae_houndstooth_variations
D:2:      layout_loops_corners, serial_forest, infiniplex_forest_corner_1,
          infiniplex_forest_clump_long, infiniplex_forest_clump_double,
          infiniplex_forest_end_1, infiniplex_forest_clump_curved,
          infiniplex_forest_lined_3, infiniplex_forest_clump_tiny,
          infiniplex_forest_clump_large, infiniplex_forest_clump_small
D:3:      layout_loops_cross, bh_walls_and_bars
D:4:      layout_cave_pools, gammafunk_ghost_nasty_kobolds, serial_column_ruins,
          column_ruins_hut_water, column_ruins_open_tiny,
          column_ruins_corridor_straight, column_ruins_grid_1,
          column_ruins_columns_straight, column_ruins_grid_1, uniq_edmund

Skill      XL: |  1  2  3 |
---------------+----------+-----
Axes           | 3 4 5 |  5.9
Fighting       | |  3.8
Armour         | |  3.4
Shields        | |  3.4

Action                     |  1- 3 |  4- 6 || total
---------------------------+-------+-------++-------
  Melee: War axe           |   107 |    25 ||   132
 Armour: Scale mail        |    70 |    13 ||    83
  Dodge: Dodged            |    49 |    14 ||    63
  Block: Buckler           |    23 |     7 ||    30
